 Dungeon Crawl Stone Soup version 0.20.1-1-g8b1a95d (webtiles) character file.

1498 letownia2 the Reanimator (level 8, 56/73 HPs)
             Began as a Deep Dwarf Necromancer on Dec 8, 2017.
             Was an Initiate of Gozag.
             Quit the game on level 7 of the Dungeon.
             The game lasted 00:11:22 (3838 turns).

letownia2 the Reanimator (Deep Dwarf Necromancer)   Turns: 3838, Time: 00:11:23

Health: 56/73      AC:  8    Str:  7    XL:     8   Next: 52%
Magic:  15/15      EV: 10    Int: 22    God:    Gozag
Gold:   146        SH:  0    Dex: 11    Spells: 12/16 levels left

rFire    . . .     SeeInvis .   a - +2 mace (crush)
rCold    . . .     Gourm    .   (no shield)
rNeg     . . .     Faith    .   e - +0 ring mail
rPois    .         Spirit   .   p - +2 helmet of the Robin {Str-5 Int+4 Slay+3}
rElec    .         Reflect  .   (no cloak)
rCorr    .         Harm     .   (no gloves)
MR       +....                  (no boots)
Stlth    +.........             (no amulet)
Regen    0.0/turn               f - -2 ring of dexterity
MPRegen  0.2/turn               (no ring)

@: about to teleport, non-regenerating
A: damage resistance, heal wounds, sense surroundings 1, no regeneration
a: Heal Wounds, Potion Petition, Call Merchant, Bribe Branch, Renounce Religion


You were on level 7 of the Dungeon.
You worshipped Gozag.
Gozag was aware of your devotion.
You were very hungry.

You visited 1 branch of the dungeon, and saw 7 of its levels.

You collected 251 gold pieces.
You paid 105 gold pieces to Gozag.

Inventory:

Hand Weapons
 a - a +2 mace of crushing (weapon)
 s - a +0 dagger
 v - a +0 dagger of freezing
 z - a cursed -2 morningstar
Missiles
 l - 4 javelins (quivered)
Armour
 e - a +0 ring mail (worn)
 p - the +2 helmet of the Robin (worn) {Str-5 Int+4 Slay+3}
   (You found it on level 4 of the Dungeon)

   It affects your strength (-5).
   It affects your intelligence (+4).
   It affects your accuracy and damage with ranged weapons and melee attacks
   (+3).
Jewellery
 f - a -2 ring of dexterity (left hand)
Scrolls
 d - 2 scrolls of teleportation
 i - a scroll of remove curse
 j - a scroll of immolation
 k - a scroll of fog
 n - 4 scrolls of identify
 o - a scroll of magic mapping
Potions
 h - a potion of curing {unknown}
 m - 2 potions of heal wounds {unknown}
 t - a potion of cancellation {unknown}
 x - 2 potions of degeneration
Books
 b - a book of Necromancy

   Spells                             Type                      Level
   a - Pain                           Necromancy                   1
   b - Animate Skeleton               Necromancy                   1
   c - Vampiric Draining              Necromancy                   3
   d - Regeneration                   Charms/Necromancy            3
   e - Animate Dead                   Necromancy                   4
   f - Control Undead                 Necromancy                   4
 q - a book of Changes

   Spells                             Type                      Level
   a - Beastly Appendage              Transmutation                1
   b - Sticks to Snakes               Transmutation                2
   c - Spider Form                    Transmutation/Poison         3
   d - Ice Form                       Ice/Transmutation            4
   e - Blade Hands                    Transmutation                5
Comestibles
 c - a bread ration
 g - 6 meat rations
 r - a royal jelly


   Skills:
 + Level 4.7 Fighting
 - Level 2.1 Dodging
 - Level 2.4 Stealth
 + Level 4.8 Spellcasting
 - Level 9.2 Necromancy


You had 12 spell levels left.
You knew the following spells:

 Your Spells              Type           Power        Failure   Level  Hunger
a - Pain                  Necr           ####         1%          1    None
v - Vampiric Draining     Necr           #####.....   2%          3    ##.....


Dungeon Overview and Level Annotations

Branches:
Dungeon (7/15)             Temple (0/1) D:7

Altars:
Cheibriados
Dithmenos
Elyvilon
Gozag
Nemelex Xobeh

Shops:
D:5 [   D:6 (

Annotations:
D:6 Feta's ghost, novice FoFi


Innate Abilities, Weirdness & Mutations

You are resistant to damage.
You can heal yourself by infusing magical energy.
You passively map a small area around you.
You do not regenerate.


Message History

Unknown command.
As you read the scroll labeled BOIMEXK DAATA, it crumbles to dust.
It is a scroll of recharging.
You aren't carrying any rechargeable items.
As you read the scroll labeled VIAREI LA TEBBU, it crumbles to dust.
You feel aware of your surroundings.
It was a scroll of magic mapping.
As you read the scroll labeled MOYPLA UCLA, it crumbles to dust.
It is a scroll of identify.
x - 2 potions of degeneration
As you read the scroll labeled ZAONWEL KAOS, it crumbles to dust.
The scroll dissolves into smoke.
It was a scroll of fog.
As you read the scroll labeled QANAOL DUOMIO, it crumbles to dust.
The air around you briefly surges with heat, but it dissipates.
It was a scroll of immolation.
As you read the scroll labeled ITIOTEE OJETUL, it crumbles to dust.
You feel as if something is helping you.
It was a scroll of remove curse.
As you read the scroll labeled QECKIM SIET, it crumbles to dust.
You feel strangely unstable.
It was a scroll of teleportation.
Are you sure you want to abandon this character and quit the game? (Confirm with "yes".)

...............#
......###.....#######
......##.....##.....##
.#..####....##...8...##
.##.## #....#.........#
###..###....#.⌠._._.⌠.#
............#.§§§.....#
............##§§§8§..##
.............##§@§§.##
.####+###.....###§####
.+...............§§..#
.#...................#
.+....<....#.#########
.#.........#.###
...............#
.....#.........#
...............#


There were no monsters in sight!

Vanquished Creatures
  An ice beast (D:6)
  An orc warrior (D:6)
  An ogre (D:4)
  2 centaurs (D:6)
  3 bullfrogs (D:7)
  Blork the orc (D:4)
  A scorpion (D:5)
  2 howler monkeys
  A bullfrog zombie (D:6)
  2 crimson imps (D:5)
  A centaur skeleton (D:4)
  2 jellies
  2 orc priests (D:5)
  5 hounds
  An iguana (D:6)
  3 orc wizards
  3 worker ants
  A hound zombie (D:6)
  A howler monkey skeleton (D:4)
  5 adders
  A shadow imp (D:6)
  An adder skeleton (D:5)
  2 worms
  A dart slug (D:2)
  A leopard gecko (D:1)
  8 orcs
  A bat (D:1)
  4 giant cockroaches
  3 goblins
  A hobgoblin (D:1)
  6 jackals
  4 frilled lizards
  A giant cockroach zombie (D:5)
  A leopard gecko skeleton (D:7)
  2 rats (D:1)
76 creatures vanquished.

Notes
Turn   | Place    | Note
-------+----------+-------------------------------------------
     0 | D:1      | letownia2 the Deep Dwarf Necromancer began the quest for the Orb.
     0 | D:1      | Reached XP level 1. HP: 15/15 MP: 3/3
   182 | D:1      | Reached XP level 2. HP: 22/22 MP: 0/5
   540 | D:2      | Reached skill level 5 in Necromancy
   685 | D:4      | Reached XP level 3. HP: 22/28 MP: 3/6
   718 | D:4      | Learned a level 3 spell: Vampiric Draining
   845 | D:4      | Reached skill level 6 in Necromancy
   845 | D:4      | Reached XP level 4. HP: 21/36 MP: 7/7
  1231 | D:4      | Noticed Blork the orc
  1241 | D:4      | Killed Blork the orc
  1241 | D:4      | Reached skill level 7 in Necromancy
  1241 | D:4      | Reached XP level 5. HP: 35/42 MP: 2/8
  1348 | D:4      | Noticed an ogre
  1357 | D:4      | Killed an ogre
  1579 | D:4      | Got a fine helmet
  1585 | D:4      | Identified the +2 helmet of the Robin {Str-5 Int+4 Slay+3} (You found it on level 4 of the Dungeon)
  1801 | D:5      | Entered Level 5 of the Dungeon
  1806 | D:5      | Reached XP level 6. HP: 46/49 MP: 5/9
  1837 | D:5      | Reached skill level 8 in Necromancy
  2166 | D:4      | Reached skill level 9 in Necromancy
  2371 | D:5      | Reached XP level 7. HP: 47/55 MP: 0/10
  2515 | D:5      | Reached skill level 1 in Fighting
  2595 | D:5      | Found Ixtaq's Antique Armour Shoppe.
  2785 | D:6      | Found a snail-covered altar of Cheibriados.
  2877 | D:6      | Noticed Feta's ghost (novice FoFi)
  2898 | D:6      | Found Reots's Weapon Emporium.
  3091 | D:6      | Reached XP level 8. HP: 61/69 MP: 10/13
  3197 | D:6      | Found a shadowy altar of Dithmenos.
  3393 | D:6      | Found a white marble altar of Elyvilon.
  3703 | D:7      | Found a sparkling altar of Nemelex Xobeh.
  3704 | D:7      | Found an opulent altar of Gozag.
  3823 | D:7      | Became a worshipper of Gozag Ym Sagoz the Greedy
  3838 | D:7      | Quit the game

Skill      XL: |  1  2  3  4  5  6  7  8 |
---------------+-------------------------+-----
Spellcasting   | 2 3 4 |  4.8
Necromancy     | 5 6 7 9 |  9.2
Fighting       | 3 4 |  4.7
Dodging        | |  2.1
Stealth        | |  2.4

Action                   |  1- 3 |  4- 6 |  7- 9 || total
-------------------------+-------+-------+-------++-------
Melee: Unarmed           |     5 |       |       ||     5
       Dagger            |     7 |    61 |     6 ||    74
       Mace              |       |       |   105 ||   105
Throw: Javelin           |     9 |     5 |       ||    14
 Cast: Pain              |    30 |    42 |     5 ||    77
       Vampiric Draining |       |    11 |    20 ||    31
  Use: Scroll            |       |       |     9 ||     9
  Eat: Chunk             |       |     6 |     6 ||    12
Armor: Ring mail         |     6 |    35 |   113 ||   154
Dodge: Dodged            |    12 |    42 |   107 ||   161
